 Dungeon Crawl Stone Soup version 0.28-a0-1347-g113dc556a4 (webtiles) character file.

Game seed: 12313044635730935357

3799 snetch the Cruncher (level 9, -6/118 HPs)
             Began as a Minotaur Berserker on Dec 29, 2021.
             Was a Priest of Trog.
             Mangled by a hornet (7 damage)
             ... on level 7 of the Dungeon.
             The game lasted 00:18:03 (5791 turns).

snetch the Cruncher (Minotaur Berserker)            Turns: 5791, Time: 00:18:04

Health: -6/118     AC: 14    Str: 25    XL:     9   Next: 96%
Magic:  0/2        EV: 10    Int:  4    God:    Trog [***...]
Gold:   252        SH:  9    Dex: 11    Spells: 8/8 levels left

rFire   + . .      SeeInvis .   a - +1 war axe (antimagic)
rCold   . . .      Faith    .   y - +1 kite shield {AC+3}
rNeg    + . .      Spirit   +   k - +2 ring mail {rN+}
rPois   .          Reflect  .   (helmet restricted)
rElec   .          Harm     .   o - +1 cloak
rCorr   .          Rampage  .   (no gloves)
Will    ++...                   (no boots)
Stlth   ..........              v - amulet of guardian spirit
HPRegen 1.29/turn               g - ring of protection from fire
MPRegen 0.08/turn               (no ring)

@: berserking, lethally poisoned (-6 -> -14), strong-willed, regenerating,
slowed
A: horns 2, retaliatory headbutt
a: Renounce Religion, Berserk, Trog's Hand


You were on level 7 of the Dungeon.
You worshipped Trog.
Trog was most pleased with you.
You visited 2 branches of the dungeon, and saw 9 of its levels.

You collected 252 gold pieces.

Inventory:

Hand Weapons
 a - a +1 antimagic war axe (weapon)
 b - a +2 vampiric spear
 j - a +0 trident
 n - a +2 quarterstaff of chaos
 J - a +0 morningstar
Missiles
 c - 16 poisoned darts
 d - 104 arrows
 f - 182 stones (quivered)
 x - 6 javelins
Armour
 k - a +2 ring mail of positive energy (worn)
 o - a +1 cloak (worn)
 y - a +1 kite shield of protection (worn)
 H - an orb of guile
 I - an orb of mayhem
Jewellery
 g - a ring of protection from fire (left hand)
 v - an amulet of guardian spirit (around neck)
 F - a ring of fire
Wands
 l - a wand of polymorph (5)
 r - a wand of iceblast (12)
 G - a wand of paralysis (12)
Scrolls
 h - 7 scrolls of identify {unknown}
 i - a scroll of enchant weapon {unknown}
 p - a scroll of vulnerability {unknown}
 s - a scroll of immolation {unknown}
 t - 4 scrolls of teleportation {unknown}
 u - a scroll of fog {unknown}
 w - 2 scrolls of fear {unknown}
 C - 3 scrolls of magic mapping {unknown}
 D - a scroll of silence {unknown}
Potions
 e - 2 potions of invisibility {unknown}
 m - a potion of lignification {unknown}
 q - 2 potions of attraction {unknown}
 z - a potion of curing {unknown}
 A - a potion of cancellation {unknown}
 B - a potion of mutation {unknown}


   Skills:
 + Level 7.3 Fighting
 + Level 8.2(8.6) Axes
 + Level 0.5(7.4) Maces & Flails
 + Level 3.3(8.2) Polearms
 + Level 8.3(8.6) Staves
 + Level 0.7 Throwing
 + Level 7.4 Armour
 + Level 5.5 Dodging
 + Level 2.6 Stealth
 + Level 3.5 Shields


You had 8 spell levels left.
You didn't know any spells.
Your spell library was empty.

Dungeon Overview and Level Annotations

Branches:
Dungeon (8/15)             Temple (1/1) D:4
   Lair: D:8-11

Altars:
Ashenzari
Dithmenos
Elyvilon
Fedhas
Gozag
Hepliaklqana
Kikubaaqudgha
Makhleb
Nemelex Xobeh
Okawaru
Qazlal
Ru
Sif Muna
Trog
Uskayaw
Vehumet
Wu Jian
Xom
Yredelemnul
Zin
The Shining One

Shops:
D:1 =   D:4 *


Innate Abilities, Weirdness & Mutations

You have a pair of horns on your head.
You reflexively headbutt those who attack you in melee.


Message History

You feel very sick. The hornet stings you!
You are more poisoned.
You feel as though you will be slow longer.
The hornet stings you!
You are more poisoned.
You feel as though you will be slow longer.
The hornet stings you.
You are more poisoned.
You feel as though you will be slow longer.
You slash the hornet!
The hornet is almost dead.
You feel extremely sick. The hornet stings you.
You are lethally poisoned!
You feel as though you will be slow longer.
The hornet stings you.
* * * LOW HITPOINT WARNING * * *
You are more poisoned.
You feel as though you will be slow longer.
The hornet stings you but does no damage.
Your skin crawls.
You feel strong-willed.
* * * LOW HITPOINT WARNING * * *
You feel extremely sick. You block the hornet's attack.
The hornet stings you but does no damage.
A red film seems to cover your vision as you go berserk!
You feel yourself moving faster!
You feel mighty!
* * * LOW HITPOINT WARNING * * *
You feel extremely sick. The hornet barely misses you.
The hornet closely misses you. You block the hornet's attack.
You closely miss the hornet. Your headbutt misses the hornet.
The hornet is almost dead.
* * * LOW HITPOINT WARNING * * *
You feel very sick.
The hornet stings you but does no damage.
The hornet stings you!
You die...

..##..#......#..#....#
รท.##..#......#..'....#
...#..#......####....#
.).+..#..............+
.).#..#####'#........#
#.##..##....#........#
#.##+###....#........#
............#........#
............#...@....#
#.....##..#.....y....#
#.....#########.........
...........# #.........
...........# #.........
############ #.........
##########


You could see a hornet.

Vanquished Creatures
  A two-headed ogre (D:6)
  Pikel (D:5)
  Sigmund (D:3)
  2 wyverns
  A water moccasin (D:5)
  A black bear (D:5)
  3 ogres
  A necrophage (D:6)
  2 centaurs
  2 phantoms
  6 bullfrogs
  A wyvern zombie (D:6)
  A scorpion (D:6)
  A wyvern skeleton (D:7)
  A bullfrog zombie (D:6)
  5 centaur zombies (D:7)
  6 hounds
  A jelly (D:4)
  Crazy Yiuf (D:2)
  4 orc priests
  3 iguanas
  Terence (D:2)
  An orc wizard (D:3)
  A hound skeleton (D:4)
  A hound zombie (D:5)
  4 adders
  5 gnolls
  A shadow imp (D:7)
  An ufetubus (D:6)
  A worm (D:2)
  A dart slug (D:1)
  26 orcs
  4 ball pythons
  8 endoplasms
  4 giant cockroaches
  4 goblins
  6 hobgoblins
  2 jackals (D:3)
  6 kobolds
  A quokka (D:2)
  4 bats
  4 frilled lizards
  9 rats
140 creatures vanquished.

Notes
Turn   | Place    | Note
-------+----------+-------------------------------------------
     0 | D:1      | snetch the Minotaur Berserker began the quest for the Orb.
     0 | D:1      | Reached XP level 1. HP: 19/19 MP: 0/0
    27 | D:1      | You fall into a shaft and drop 1 floor!
   323 | D:1      | Reached XP level 2. HP: 22/27 MP: 1/1
   565 | D:1      | Found Tunnerr's Jewellery Emporium.
   754 | D:2      | Reached XP level 3. HP: 32/33 MP: 2/2
  1390 | D:3      | Reached XP level 4. HP: 40/40 MP: 3/3
  1391 | D:3      | Reached skill level 5 in Axes
  1397 | D:3      | Reached ** piety under Trog
  1625 | D:2      | Found a runed translucent door.
  1626 | D:2      | Noticed Crazy Yiuf
  1669 | D:2      | Killed Crazy Yiuf
  1670 | D:2      | Reached skill level 1 in Stealth
  1670 | D:2      | Reached XP level 5. HP: 29/47 MP: 4/4
  1833 | D:2      | Noticed Terence
  1836 | D:2      | Killed Terence
  1848 | D:3      | Noticed Sigmund
  1854 | D:3      | Killed Sigmund
  1855 | D:3      | Reached skill level 1 in Staves
  1855 | D:3      | Reached XP level 6. HP: 53/53 MP: 5/5
  2039 | D:5      | Entered Level 5 of the Dungeon
  2039 | D:5      | Noticed a water moccasin
  2046 | D:5      | Killed a water moccasin
  2047 | D:5      | Reached skill level 1 in Polearms
  2047 | D:5      | Noticed Pikel
  2104 | D:5      | Killed Pikel
  2105 | D:5      | Reached skill level 5 in Fighting
  2105 | D:5      | Reached skill level 5 in Armour
  2105 | D:5      | Reached XP level 7. HP: 50/61 MP: 6/6
  2176 | D:4      | Reached skill level 5 in Staves
  2923 | D:4      | Reached XP level 8. HP: 58/69 MP: 7/7
  3057 | D:4      | Found Ohenowye's Gadget Gallery.
  3177 | D:4      | Found a staircase to the Ecumenical Temple.
  3183 | Temple   | Entered the Ecumenical Temple
  4576 | D:6      | Reached XP level 9. HP: 71/77 MP: 8/8
  4617 | D:6      | Noticed a two-headed ogre
  4625 | D:6      | HP: 2/77 [ogre (18)]
  4633 | D:6      | Killed a two-headed ogre
  4634 | D:6      | Reached skill level 1 in Shields
  4635 | D:6      | Reached skill level 5 in Dodging
  5198 | D:7      | Reached *** piety under Trog
  5785 | D:7      | Paralysed by a hornet for 2 turns
  5790 | D:7      | HP: 5/118 [poisoned by a hornet]
  5791 | D:7      | HP: 1/118 [poisoned by a hornet]
  5791 | D:7      | Mangled by a hornet

Illustrated notes

Levels and vault maps discovered:
D:1:      nzn_arrival_water_spiral, layout_rooms, serial_shops,
          nicolae_shop_behind_doors, minmay_misc_feat_roman
D:2:      layout_basic, st_stairs_10, kennysheep_crisscross, uniq_terence,
          uniq_crazy_yiuf_cottage
D:3:      layout_rooms, uniq_sigmund
D:4:      layout_gridville, minmay_temple_entry_hall, nicolae_shop_gadgets
D:5:      layout_basic, uniq_pikel
D:6:      layout_cave_pools, nicolae_underground_beach
D:7:      minmay_s_stair_smasher, layout_gridville, general_overflow_altar,
          serial_shops, nicolae_shop_hallway_plus
D:8:      layout_basic, dpeg_oklobed_lair, gammafunk_ghost_wrathful_warriors,
          hangedman_decor_clover_reticule
Temple:   regret_index_temple_sigil_plot

Skill      XL: |  1  2  3  4  5  6  7  8  9 |
---------------+----------------------------+-----
Axes           | 4 5 6 8 |  8.2
Fighting       | 4 5 6 7 |  7.3
Armour         | 3 4 5 6 7 |  7.4
Dodging        | 3 4 5 |  5.5
Stealth        | 1 2 |  2.6
Staves         | 1 4 5 8 |  8.3
Polearms       | 1 3 |  3.3
Shields        | 3 |  3.5
Maces & Flails | |  0.5
Throwing       | |  0.7

Action                   |  1- 3 |  4- 6 |  7- 9 || total
-------------------------+-------+-------+-------++-------
Melee: Hand axe          |    74 |     7 |       ||    81
       Headbutt          |    13 |     9 |    55 ||    77
       Trident           |       |     8 |       ||     8
       Unarmed           |       |     3 |       ||     3
       Quarterstaff      |       |    44 |    64 ||   108
       War axe           |       |       |    83 ||    83
       Morningstar       |       |       |    38 ||    38
       Spear             |       |       |    30 ||    30
Throw: Stone             |       |       |     9 ||     9
Invok: Berserk           |     2 |     2 |     4 ||     8
       Trog's Hand       |       |     1 |     2 ||     3
 Stab: Sleeping          |       |       |     1 ||     1
Armor: Animal skin       |     7 |       |       ||     7
       Ring mail         |    16 |    19 |   108 ||   143
Dodge: Dodged            |    44 |    38 |   133 ||   215
Block: Kite shield       |       |       |    84 ||    84

Table legend: (Time is in decaauts)
 A = Elapsed time spent in this place.
 B = Non-inter-level travel time spent in this place.
 C = Inter-level travel time spent in this place.
 D = Time resting spent in this place.
 E = Time spent auto-exploring this place.
 F = Levels seen in this place.
 G = Mean time per level.
                   A        B        C        D        E       F      G
               +--------+--------+--------+--------+--------+-----+--------+
         Total |   5935 |   5735 |    200 |    193 |   3728 |   9 |  659.4 |
       Dungeon |   5676 |   5522 |    154 |    193 |   3653 |   8 |  709.5 |
        Temple |    258 |    212 |     46 |      0 |     75 |   1 |  258.0 |
               +--------+--------+--------+--------+--------+-----+--------+

Top non-repeatable levels by time:
     D:2: 1375 daAuts
     D:6: 964 daAuts
     D:1: 792 daAuts
     D:4: 777 daAuts
     D:5: 657 daAuts
     D:7: 643 daAuts
     D:3: 450 daAuts
  Temple: 258 daAuts
     D:8: 14 daAuts
